 Dungeon Crawl Stone Soup version 0.29.0-11-gd7f09526c8 (webtiles) character file.

Game seed: 2608812635792740656

51 sanka the Vexing (level 3, -3/42 HPs)
             Began as a Demigod Arcane Marksman on Sept 6, 2022.
             Slain by an adder (4 damage)
             ... on level 2 of the Dungeon.
             The game lasted 00:01:50 (1148 turns).

sanka the Vexing (Demigod Arcane Marksman)          Turns: 1148, Time: 00:01:51

Health: -3/42      AC:  2    Str: 11    XL:     3   Next: 38%
Magic:  4/6        EV: 12    Int: 19    God:
Gold:   30         SH:  0    Dex: 14    Spells: 3/4 levels left

rFire   . . .      SeeInvis .   a - +1 sling
rCold   . . .      Faith    .   (no shield)
rNeg    . . .      Spirit   .   c - +0 robe
rPois   .          Reflect  .   (no helmet)
rElec   .          Harm     .   (no cloak)
rCorr   .          Rampage  .   (no gloves)
Will    .....                   (no boots)
Stlth   ..........              (no amulet)
HPRegen 0.14/turn               (no ring)
MPRegen 0.10/turn               (no ring)

@: berserking, lethally poisoned (-3 -> -5), very quick
A: high MP 1, forlorn, divine attributes
a: no special abilities


You were on level 2 of the Dungeon.
You visited 1 branch of the dungeon, and saw 2 of its levels.

You collected 30 gold pieces.


Innate Abilities, Weirdness & Mutations

You have an increased reservoir of magic. (+10% MP)
You shall have no god before yourself.
Your divine heritage dramatically boosts your attributes as you level up.


   Skills:
 - Level 1.0 Fighting
 - Level 2.0 Ranged Weapons
 - Level 1.8 Dodging
 + Level 2.5 Unarmed Combat
 - Level 1.0 Spellcasting
 - Level 3.0 Hexes


You had 3 spell levels left.
You knew the following spells:

 Your Spells              Type           Power      Damage    Failure   Level
z - Slow                  Hex            48%        N/A       5%          1

Your spell library contained the following spells:

 Spells                   Type           Power      Damage    Failure   Level
 Ensorcelled Hibernation  Hex/Ice        12%        N/A       16%         2
 Passwall                 Tmut/Erth      0%         N/A       28%         2
 Inner Flame              Hex/Fire       6%         N/A       30%         3
 Portal Projectile        Hex/Tloc       12%        N/A       30%         3
 Call Canine Familiar     Summ           0%         N/A       50%         3
 Swiftness                Air            0%         N/A       50%         3
 Cause Fear               Hex            6%         N/A       47%         4
 Leda's Liquefaction      Hex/Erth       3%         N/A       69%         4

Inventory:

Hand Weapons
 a - a +1 sling (weapon)
Armour
 c - a +0 robe (worn)
Scrolls
 b - a scroll of poison {!r}
 f - a scroll of blinking {unknown}
 g - a scroll of identify {unknown}
 i - a scroll of noise {unknown}
 k - a scroll of teleportation {unknown}
Potions
 d - a potion of curing {unknown}
 e - a potion of berserk rage {!q}
 h - a potion of heal wounds {unknown}
 j - a potion of haste {unknown}

Dungeon Overview and Level Annotations

Branches:
Dungeon (2/15)

..▒▒.▒▒ .....▒▒▒▒.▒
▒....:..▒.▒ ▒.▒ ▒.▒.▒▒
▒K▒ ▒....▒▒ ▒.▒
▒.....▒▒ ▒.▒ ▒......▒▒
▒.▒▒▒▒▒.▒.....▒▒▒.
▒▒▒▒...KSp...........
▒.........▒▒▒▒.....▒▒▒
▒▒▒▒▒▒▒▒▒▒▒ ▒....▒▒
▒.▒.▒▒ ▒.▒▒▒ ▒.▒
▒▒▒▒▒▒▒.▒ ▒.......▒
▒.)▒..▒.▒▒▒▒▒▒▒..


You could see an adder and a kobold.


Message History

The sling bullet misses the adder.
The sling bullet misses the adder.
* * * LOW HITPOINT WARNING * * *
You feel very sick. The adder bites you.
* * * LOW HITPOINT WARNING * * *
The adder barely misses you.
You shoot a sling bullet. The sling bullet hits the adder.
You kill the adder!
* * * LOW HITPOINT WARNING * * *
You feel sick. The adder closely misses you.
You shoot a sling bullet. The sling bullet hits the adder.
The adder is heavily wounded.
* * * LOW HITPOINT WARNING * * *
You feel sick. The adder completely misses you. The adder bites you.
* * * LOW HITPOINT WARNING * * *
Unknown command.
It was a potion of berserk rage.
A red film seems to cover your vision as you go berserk!
You feel yourself moving faster!
You feel mighty!
* * * LOW HITPOINT WARNING * * *
You feel sick. The adder bites you.
You die...

Action                   || total
-------------------------++-------
 Fire: Sling             ||   120
 Cast: Slow              ||     3
  Use: Potion            ||     1
Armor: Robe              ||    19
Dodge: Dodged            ||    67

Levels and vault maps discovered:
D:1:      minmay_arrival_pointy, layout_rooms, serial_bayou,
          serial_bayou_shore_b, serial_bayou_pond_d, serial_bayou_shore_b,
          serial_bayou_pond_e, ebering_ecumenical_altar_sacrificial,
          grunt_decor_arrowhead, minmay_misc_feat_square
D:2:      layout_loops_corners, basic_altar, grunt_decor_resistance

Notes
Turn   | Place    | Note
-------+----------+-------------------------------------------
     0 | D:1      | sanka the Demigod Arcane Marksman began the quest for the
                  | Orb.
     0 | D:1      | Reached XP level 1. HP: 15/15 MP: 4/4
    82 | D:1      | Reached skill level 2 in Ranged Weapons
    92 | D:1      | Reached skill level 3 in Hexes
   133 | D:1      | Reached skill level 1 in Fighting
   144 | D:1      | Reached XP level 2. HP: 19/23 MP: 5/5
   215 | D:1      | Reached skill level 1 in Unarmed Combat
   518 | D:1      | Reached skill level 2 in Unarmed Combat
   598 | D:1      | Reached XP level 3. HP: 28/28 MP: 6/6
  1147 | D:2      | HP: 1/28 [adder (2)]
  1148 | D:2      | Slain by an adder

Vanquished Creatures
  An adder (D:2)
  A dart slug (D:1)
  2 endoplasms (D:1)
  2 giant cockroaches (D:1)
  6 goblins (D:1)
  2 hobgoblins
  4 jackals (D:1)
  3 kobolds (D:1)
  A ball python (D:1)
  6 bats (D:1)
  8 frilled lizards (D:1)
  2 rats (D:1)
38 creatures vanquished.

Vanquished Creatures (others)
  4 plants (D:1)
4 creatures vanquished.

Grand Total: 42 creatures vanquished
